 Dungeon Crawl Stone Soup version 0.26-a0-651-gb41185065b (webtiles) character file.

Game seed: 1267498144018825359

43647 Flugslaktarn the Cleaver (level 13, -1/129 HPs)
             Began as a Deep Dwarf Fighter on Oct 7, 2020.
             Was a High Priest of Makhleb.
             Shot with an arrow by a centaur warrior (23 damage)
             ... on level 15 of the Dungeon.
             The game lasted 00:07:47 (10699 turns).

Flugslaktarn the Cleaver (Deep Dwarf Fighter)      Turns: 10699, Time: 00:07:47

Health: -1/129     AC: 21    Str: 23    XL:     13   Next: 92%
Magic:  4/4        EV:  6    Int: 10    God:    Makhleb [*****.]
Gold:   681        SH: 12    Dex: 15    Spells: 12/12 levels left

rFire    + . .     SeeInvis .   a - +1 war axe
rCold    . . .     Faith    .   c - +0 kite shield
rNeg     . . .     Spirit   .   E - +0 plate armour
rPois    .         Reflect  .   l - +0 helmet "Roeratie" {Str+2}
rElec    .         Harm     .   s - +1 cloak
rCorr    .         Rampage  .   o - +0 pair of gloves (curse)
MR       +....                  g - +0 pair of boots
Stlth    ..........             (no amulet)
HPRegen  0.00/turn              f - ring of protection from fire
MPRegen  0.09/turn              (no ring)

@: non-regenerating
A: damage resistance, heal wounds, sense surroundings 2, no regeneration
a: Heal Wounds, Minor Destruction, Lesser Servant of Makhleb, Major Destruction,
Greater Servant of Makhleb, Renounce Religion


You were on level 15 of the Dungeon.
You worshipped Makhleb.
Makhleb was extremely pleased with you.
You visited 2 branches of the dungeon, and saw 16 of its levels.

You collected 941 gold pieces.
You spent 260 gold pieces at shops.

Inventory:

Hand Weapons
 a - a +1 war axe (weapon)
Missiles
 H - 3 throwing nets (quivered)
Armour
 c - a +0 kite shield (worn)
 g - a +0 pair of boots (worn)
   (You found it on level 1 of the Dungeon)
 l - the +0 helmet "Roeratie" (worn) {Str+2}
   (You took it off Robin on level 4 of the Dungeon)

   It affects your strength (+2).
 o - a cursed +0 pair of gloves (worn)
   (You found it on level 7 of the Dungeon)
 s - a +1 cloak (worn)
   (You took it off Crazy Yiuf on level 4 of the Dungeon)
 E - a +0 plate armour (worn)
   (You took it off an orc warrior on level 11 of the Dungeon)
 J - a +0 helmet
   (You found it on level 12 of the Dungeon)
Jewellery
 f - a ring of protection from fire (left hand)
   (You found it on level 13 of the Dungeon)
 m - an uncursed ring of protection from magic {unknown}
   (You found it on level 13 of the Dungeon)
Wands
 I - a wand of paralysis (15)
   (You found it on level 12 of the Dungeon)
 P - a wand of digging (2)
   (You found it on level 13 of the Dungeon)
Scrolls
 b - a scroll of torment {unknown}
 e - 3 scrolls of fear
 i - 3 scrolls of enchant weapon
 r - 8 scrolls of identify
 t - 8 scrolls of teleportation
 u - 2 scrolls of magic mapping
 w - a scroll of immolation
 x - 13 scrolls of remove curse
 y - 2 scrolls of enchant armour {unknown}
 z - 2 scrolls of blinking
 A - a scroll of summoning {unknown}
 G - 2 scrolls of fog
 M - a scroll of holy word {unknown}
Potions
 d - 2 potions of might
 h - a potion of haste {unknown}
 j - 2 potions of flight
 k - 3 potions of mutation
 n - 3 potions of invisibility
 p - 2 potions of resistance {unknown}
 q - a potion of curing
 v - a potion of magic
 B - a potion of ambrosia {unknown}
 C - a potion of heal wounds {unknown}
 L - a potion of stabbing {unknown}
 N - a potion of berserk rage {unknown}
 O - 2 potions of lignification
Miscellaneous
 F - a condenser vane (2/2)
   (You bought it in a shop on level 9 of the Dungeon)


   Skills:
 * Level 12.0 Fighting
 * Level 13.7 Axes
 + Level 10.4 Armour
 + Level 10.5 Shields
 + Level 9.9 Invocations
 + Level 9.3 Evocations


You had 12 spell levels left.
You didn't know any spells.
Your spell library was empty.

Dungeon Overview and Level Annotations

Branches:
Dungeon (15/15)            Temple (1/1) D:7            Lair (0/6) D:9
    Orc (0/2) D:11         Vaults (0/5) D:13         Depths (0/5) D:15

Altars:
Ashenzari
Cheibriados
Dithmenos
Elyvilon
Fedhas
Gozag
Hepliaklqana
Makhleb
Nemelex Xobeh
Okawaru
Qazlal
Ru
Vehumet
Wu Jian
Xom
Yredelemnul
Zin
The Shining One

Shops:
D:6 (   D:9 }   D:13 (?:   D:14 *

Annotations:
D:4 2 transporters
D:8 1 exclusion
D:12 2 transporters, Korodgh's ghost, journeyman TrTm


Innate Abilities, Weirdness & Mutations

You are resistant to damage.
You can heal yourself by infusing magical energy.
You passively map the area around you.
You do not regenerate.


Message History

The centaur shoots an arrow.
You block the arrow.
You see here 3 arrows.
The centaur shoots an arrow.
The arrow barely misses you.
The centaur shoots an arrow.
You block the arrow.
The centaur shoots an arrow.
You block the arrow.
The centaur warrior shoots an arrow.
The arrow hits you!
* * * LOW HITPOINT WARNING * * *
The centaur shoots an arrow.
The arrow hits you.
* * * LOW HITPOINT WARNING * * *
The centaur shoots an arrow.
The arrow barely misses you.
The centaur shoots an arrow.
The arrow hits you.
You see here 5 arrows.
The centaur shoots an arrow.
The arrow hits you but does no damage.
The centaur warrior shoots an arrow.
The arrow barely misses you.
The centaur unwields a +0 shortbow.
The centaur hits you but does no damage.
The centaur shoots an arrow.
The arrow closely misses you.
The centaur shoots an arrow.
The arrow hits you but does no damage.
The centaur shoots an arrow.
The arrow completely misses you.
The centaur warrior shoots an arrow.
The arrow hits you!!
You die...

# ###### *
########## .......
.........# .......
.......D.# .......
......ccc# .......
,.........# .......
,.........# .......
.....cc..# .......
.......@.# ......
.......((# ##### *
########(# #(# #(#
#.# #.#
#################.#
..................#


You could see a centaur warrior, an acid dragon and 4 centaurs.

Vanquished Creatures
  Jorgrun (D:14)
  Snorg (D:11)
  Josephine (D:14)
  Harold (D:11)
  4 vault guards (D:13)
  2 catoblepae (D:13)
  A centaur warrior (D:14)
  A death knight (D:13)
  3 two-headed ogres (D:13)
  Nergalle (D:12)
  A tengu warrior (D:14)
  3 unseen horrors
  2 wizards (D:15)
  A necromancer (D:15)
  7 ugly things
  2 manticores
  An orc sorcerer (D:15)
  2 deep elf magi
  3 cyclopes
  A black mamba (shapeshifter) (D:13)
  6 orange demons (D:13)
  2 gargoyles
  2 kobold demonologists
  An efreet (D:15)
  A freezing wraith (D:14)
  2 komodo dragons
  2 tengu conjurers
  3 red devils (D:13)
  3 trolls
  Grinder (D:4)
  2 hornets
  5 hippogriffs
  A slime creature (D:13)
  A harpy skeleton (D:15)
  A centaur simulacrum (D:14)
  Sigmund (D:3)
  6 wraiths
  16 yaks
  5 wyverns
  A shadow (D:14)
  A tarantella (shapeshifter) (D:14)
  3 basilisks
  2 vampire mosquitoes (D:13)
  A steam dragon (D:13)
  Edmund (D:4)
  An acid dragon (D:13)
  A soldier ant (D:11)
  10 orc warriors
  4 sky beasts
  2 eyes of draining (D:14)
  A phantom (D:6)
  2 ice beasts
  4 ogres
  6 centaurs
  A crocodile (D:13)
  2 big kobolds
  Blork the orc (D:5)
  10 bullfrogs
  A wyvern skeleton (D:13)
  6 scorpions
  11 killer bees
  5 wights (D:8)
  3 electric eels (D:10)
  4 centaur zombies
  A howler monkey (D:13)
  6 bullfrog zombies
  2 bullfrog skeletons
  3 jellies
  Crazy Yiuf (D:4)
  6 hounds
  10 orc priests
  5 iguanas
  10 orc wizards
  6 centaur skeletons
  4 worker ants
  A killer bee zombie (D:7)
  2 hound skeletons (D:5)
  A worker ant zombie (D:10)
  Robin (D:4)
  5 gnolls
  6 adders
  2 shadow imps
  2 white imps
  2 ufetubi
  An adder zombie (D:7)
  3 adder skeletons
  A worm (D:4)
  A dart slug (D:3)
  5 leopard geckos
  44 orcs
  A giant cockroach (D:2)
  12 goblins
  6 hobgoblins
  4 jackals
  3 quokkas
  A ball python (D:5)
  A ball python zombie (D:5)
  2 bats (D:3)
  2 frilled lizards
  7 kobolds
  3 leopard gecko skeletons (D:4)
  A quokka zombie (D:6)
  A rat (D:1)
359 creatures vanquished.

Vanquished Creatures (others)
  A sky beast (D:11)
  A howler monkey (D:14)
  A quokka (D:4)
  4 fungi (D:4)
  2 plants (D:4)
9 creatures vanquished.

Grand Total: 368 creatures vanquished

Notes
Turn   | Place    | Note
-------+----------+-------------------------------------------
     0 | D:1      | Flugslaktarn the Deep Dwarf Fighter began the quest for the
                  | Orb.
     0 | D:1      | Reached XP level 1. HP: 20/20 MP: 1/1
   170 | D:2      | Reached XP level 2. HP: 24/27 MP: 2/2
   275 | D:3      | Noticed Sigmund
   291 | D:3      | Killed Sigmund
   291 | D:3      | Reached skill level 3 in Axes
   291 | D:3      | Reached XP level 3. HP: 25/36 MP: 3/3
   291 | D:3      | Reached XP level 4. HP: 31/44 MP: 4/4
   291 | D:3      | Reached XP level 5. HP: 35/50 MP: 5/5
   371 | D:2      | Reached skill level 4 in Axes
   519 | D:3      | Noticed a +0 hand axe
   519 | D:3      | Noticed a -3 hand axe
   521 | D:4      | Identified the +0 helmet "Roeratie" {Str+2}
   521 | D:4      | Noticed Robin
   531 | D:4      | Killed Robin
   535 | D:4      | Reached XP level 6. HP: 50/57 MP: 5/5
   556 | D:4      | Noticed Grinder
   582 | D:4      | Killed Grinder
   582 | D:4      | Reached skill level 5 in Axes
   582 | D:4      | Reached XP level 7. HP: 32/66 MP: 5/5
   684 | D:4      | Found a white marble altar of Elyvilon.
   685 | D:4      | Noticed Edmund
   709 | D:4      | Killed Edmund
   709 | D:4      | Reached skill level 5 in Fighting
   723 | D:4      | Found a transporter.
   724 | D:4      | Found a transporter.
  1137 | D:4      | Reached skill level 5 in Armour
  1137 | D:4      | Reached skill level 5 in Shields
  1153 | D:4      | Found a blossoming altar of Fedhas.
  1258 | D:4      | Found a runed translucent door.
  1259 | D:4      | Noticed Crazy Yiuf
  1270 | D:4      | Killed Crazy Yiuf
  1395 | D:5      | Entered Level 5 of the Dungeon
  1427 | D:5      | Noticed Blork the orc
  1439 | D:5      | Killed Blork the orc
  1439 | D:5      | Reached skill level 6 in Axes
  1605 | D:5      | Reached XP level 8. HP: 28/75 MP: 5/5
  2019 | D:6      | Reached skill level 7 in Axes
  2038 | D:6      | Found a sparkling altar of Nemelex Xobeh.
  2252 | D:6      | Found Jywu's Weapon Boutique.
  2814 | D:7      | Found a staircase to the Ecumenical Temple.
  2821 | D:7      | Gained mutation: You passively map the area around you.
                  | [Deep Dwarf growth]
  2821 | D:7      | Reached XP level 9. HP: 73/85 MP: 4/4
  2881 | Temple   | Entered the Ecumenical Temple
  3076 | Temple   | Became a worshipper of Makhleb the Destroyer
  3266 | D:7      | Found a glowing silver altar of Zin.
  3380 | D:7      | Reached skill level 1 in Invocations
  3390 | D:7      | Reached skill level 8 in Axes
  3604 | D:7      | Found a broken altar of Ashenzari.
  3607 | D:7      | Found an opulent altar of Gozag.
  3894 | D:8      | Reached * piety under Makhleb
  4255 | D:8      | Found a hazy altar of Hepliaklqana.
  4730 | D:9      | Found Nurchiytas's Gadget Emporium.
  4733 | D:9      | Bought a condenser vane (2/2) for 260 gold pieces
  4746 | D:9      | Found a staircase to the Lair.
  4760 | D:9      | Reached skill level 9 in Axes
  4760 | D:9      | Reached skill level 1 in Evocations
  4761 | D:9      | Reached XP level 10. HP: 38/96 MP: 7/7
  5074 | D:10     | Entered Level 10 of the Dungeon
  5162 | D:10     | Noticed a cyclops
  5180 | D:10     | Killed a cyclops
  5222 | D:10     | Reached ** piety under Makhleb
  5868 | D:10     | Reached skill level 5 in Invocations
  6000 | D:10     | Reached skill level 10 in Axes
  6424 | D:11     | Noticed a gargoyle
  6426 | D:11     | Paralysed by a hornet for 2 turns
  6439 | D:11     | Paralysed by a hornet for 3 turns
  6476 | D:11     | Killed a gargoyle
  6546 | D:11     | Found a staircase to the Orcish Mines.
  6561 | D:11     | Noticed a manticore
  6589 | D:11     | Killed a manticore
  6589 | D:11     | Reached XP level 11. HP: 34/106 MP: 7/7
  6688 | D:11     | Noticed Harold
  6717 | D:11     | Killed Harold
  6943 | D:11     | Noticed Snorg
  6975 | D:11     | Killed Snorg
  7330 | D:12     | Reached skill level 5 in Evocations
  7347 | D:12     | Noticed Korodgh's ghost (journeyman TrTm)
  7373 | D:12     | Found a transporter.
  7399 | D:12     | Reached *** piety under Makhleb
  7451 | D:12     | Found a transporter.
  7532 | D:12     | Reached skill level 11 in Axes
  7705 | D:12     | Found a broken altar of Ashenzari.
  7937 | D:12     | Noticed Nergalle
  7978 | D:12     | Killed Nergalle
  8205 | D:13     | Noticed a death knight
  8258 | D:13     | Noticed a cyan ugly thing
  8273 | D:13     | Killed a cyan ugly thing
  8304 | D:13     | Noticed a catoblepas
  8310 | D:13     | Reached skill level 10 in Fighting
  8313 | D:13     | Noticed a two-headed ogre
  8370 | D:13     | Killed a catoblepas
  8375 | D:13     | Killed a two-headed ogre
  8375 | D:13     | Reached XP level 12. HP: 62/116 MP: 2/2
  8376 | D:13     | Reached **** piety under Makhleb
  8407 | D:13     | Found a gate to the Vaults.
  8407 | D:13     | Noticed a vault guard
  8407 | D:13     | Noticed a vault guard
  8407 | D:13     | Noticed a vault guard
  8407 | D:13     | Noticed a vault guard
  8408 | D:13     | Noticed a two-headed ogre
  8427 | D:13     | Killed a vault guard
  8432 | D:13     | Killed a vault guard
  8432 | D:13     | Reached skill level 12 in Axes
  8432 | D:13     | Killed a vault guard
  8433 | D:13     | Killed a death knight
  8443 | D:13     | Killed a two-headed ogre
  8478 | D:13     | Killed a vault guard
  8729 | D:13     | Found Ylynecet's Book Emporium.
  8729 | D:13     | Noticed a catoblepas
  8731 | D:13     | Noticed a two-headed ogre
  8747 | D:13     | Killed a catoblepas
  8751 | D:13     | Killed a two-headed ogre
  8900 | D:13     | Found Sesikh's Weapon Emporium.
  8949 | D:13     | Found Varruhagg's Magic Scroll Emporium.
  9178 | D:13     | Reached XP level 13. HP: 74/127 MP: 3/3
  9322 | D:14     | Noticed Josephine
  9333 | D:14     | Killed Josephine
  9509 | D:14     | Reached ***** piety under Makhleb
  9592 | D:14     | Reached skill level 13 in Axes
  9597 | D:14     | Reached skill level 10 in Shields
  9663 | D:14     | Noticed Jorgrun
  9678 | D:14     | Reached skill level 10 in Armour
  9691 | D:14     | Killed Jorgrun
  9925 | D:14     | Found Uteclymo's General Store.
 10350 | D:15     | Entered Level 15 of the Dungeon
 10433 | D:15     | Found a staircase to the Depths.
 10699 | D:15     | Shot with an arrow by a centaur warrior

Illustrated notes

Levels and vault maps discovered:
D:1:      minmay_arrival_pointy, layout_basic
D:2:      layout_rooms
D:3:      layout_basic, dancing_weapons_uskayaw,
          lemuel_zombie_altar_kikubaaqudgha, gammafunk_temple_overflow_wave,
          uniq_sigmund
D:4:      layout_gridville, fedhas_altar_4, elyvilon_altar_4,
          gammafunk_ghost_gnarly_gnolls, uniq_crazy_yiuf_cottage, uniq_robin,
          uniq_edmund, uniq_grinder
D:5:      layout_gridville, uniq_blork_the_orc
D:6:      layout_cave_pods, nemelex_xobeh_ov_fountains_minmay, serial_shops,
          nicolae_shop_crystal
D:7:      layout_loops_ring, zin_academy, minitemple,
          minmay_temple_entry_sparse_star, enter_ossuary_5
D:8:      cheibrodos_two_vegetables, layout_loops_ring, old_standard_altar
D:9:      wander_river, layout_basic, david_lair_generic, serial_shops,
          nicolae_shop_behind_doors
D:10:     layout_basic
D:11:     layout_basic, erik_orc_4, minmay_misc_feat_nine_boxes, uniq_harold,
          uniq_snorg
D:12:     layout_cave_pods, gammafunk_ghost_stat_death, evilmike_ruin_ashenzari,
          uniq_nergalle
D:13:     layout_long_grid, lightli_vaults_fourway_checkpoint, serial_shops,
          shop, nicolae_shop_behind_doors, nicolae_shop_waterfront,
          minmay_beelzebubs_servants
D:14:     layout_gridville, serial_shops, shop_fountains, uniq_josephine,
          uniq_jorgrun
D:15:     grunt_enter_depths_magical_seal, layout_long_grid,
          hangedman_abyss_or_decor_passed, st_stairs_2
Temple:   minmay_temple_curvy_loop

Skill      XL: |  1  2  3  4  5  6  7  8  9 10 11 12 13 |
---------------+----------------------------------------+-----
Fighting       | 3 4 5 6 7 9 10 11 12 | 12.0
Axes           | 3 4 5 6 7 9 10 11 12 13 | 13.7
Armour         | 4 5 6 7 8 9 10 | 10.4
Shields        | 4 5 6 7 8 9 10 | 10.5
Invocations    | 3 5 7 8 9 |  9.9
Evocations     | 1 4 6 7 9 |  9.3

Action                   |  1- 3 |  4- 6 |  7- 9 | 10-12 | 13-15 || total
-------------------------+-------+-------+-------+-------+-------++-------
Melee: War axe           |    32 |    86 |   423 |   757 |   262 ||  1560
Invok: Lesser Servant of |       |       |       |       |     1 ||     1
 Abil: Heal Wounds       |     1 |     4 |    12 |    42 |     6 ||    65
Evoke: Condenser vane    |       |       |     1 |     4 |     1 ||     6
       Wand              |       |       |       |     1 |       ||     1
  Use: Scroll            |       |       |     9 |     7 |       ||    16
       Potion            |       |       |     3 |     3 |       ||     6
 Stab: Petrified         |       |       |       |    13 |       ||    13
       Petrifying        |       |       |       |     1 |       ||     1
Armor: Scale mail        |    20 |    52 |    26 |       |       ||    98
       Chain mail        |       |       |   242 |   137 |       ||   379
       Plate armour      |       |       |       |   417 |   315 ||   732
Dodge: Dodged            |    16 |    42 |   129 |   193 |    86 ||   466
Block: Kite shield       |    23 |    61 |   290 |   526 |   207 ||  1107

Table legend: (Time is in decaauts)
 A = Elapsed time spent in this place.
 B = Non-inter-level travel time spent in this place.
 C = Inter-level travel time spent in this place.
 D = Time resting spent in this place.
 E = Time spent auto-exploring this place.
 F = Levels seen in this place.
 G = Mean time per level.
                   A        B        C        D        E       F      G
               +--------+--------+--------+--------+--------+-----+--------+
         Total |  10894 |  10184 |    710 |    252 |   7023 |  16 |  680.9 |
       Dungeon |  10680 |   9997 |    683 |    252 |   6839 |  15 |  712.0 |
        Temple |    213 |    186 |     27 |      0 |    184 |   1 |  213.0 |
               +--------+--------+--------+--------+--------+-----+--------+

Top non-repeatable levels by time:
    D:10: 1360 daAuts
    D:13: 1082 daAuts
    D:14: 1046 daAuts
    D:12: 912 daAuts
    D:11: 907 daAuts
     D:4: 843 daAuts
     D:7: 795 daAuts
     D:6: 790 daAuts
     D:8: 741 daAuts
     D:9: 641 daAuts
     D:5: 604 daAuts
    D:15: 326 daAuts
     D:3: 253 daAuts
     D:2: 250 daAuts
  Temple: 213 daAuts
